 Dungeon Crawl Stone Soup version 0.20.1-1-g8b1a95d (webtiles) character file.

475 Mesmaeker13 the Twirler (level 7, -7/40 HPs)
             Began as a Gargoyle Wanderer on Aug 5, 2017.
             Mangled by an ogre
             ... wielding a cursed -2 giant spiked club
              (9 damage)
             ... on level 5 of the Dungeon.
             The game lasted 00:08:10 (4573 turns).

Mesmaeker13 the Twirler (Gargoyle Wanderer)         Turns: 4573, Time: 00:08:10

Health: -7/40      AC: 16    Str: 13    XL:     7   Next: 10%
Magic:  10/10      EV:  6    Int: 18    God:
Gold:   238        SH:  0    Dex:  8    Spells: 11/11 levels left

rFire    . . .     SeeInvis .   a - +2 quarterstaff
rCold    . . .     Gourm    .   (shield currently unavailable)
rNeg     + . .     Faith    .   z - +0 chain mail
rPois    ∞         Spirit   .   y - +0 helmet
rElec    +         Reflect  .   (no cloak)
rCorr    .         Harm     .   (no gloves)
MR       .....                  n - +0 pair of boots
Stlth    ..........             (no amulet)
Regen    0.2/turn               (no ring)
MPRegen  0.2/turn               (no ring)

@: no status effects
A: negative energy resistance 1, electricity resistance, unbreathing,
petrification resistance, rot immunity, AC +4
a: no special abilities


You were on level 5 of the Dungeon.
You were not hungry.

You visited 1 branch of the dungeon, and saw 5 of its levels.

You collected 274 gold pieces.
You spent 36 gold pieces at shops.

Inventory:

Hand Weapons
 a - a +2 quarterstaff (weapon)
Missiles
 g - 17 tomahawks (quivered)
 h - 6 needles of sleeping
Armour
 n - a +0 pair of boots (worn)
 y - a +0 helmet (worn)
 z - a +0 chain mail (worn)
Wands
 s - a wand of acid (1/15)
Scrolls
 e - a scroll of enchant weapon {unknown}
 k - a scroll of teleportation
 p - 4 scrolls of remove curse
 q - 2 scrolls of fog {unknown}
 u - a scroll of immolation {unknown}
 w - a scroll of blinking {unknown}
Potions
 c - 7 potions of curing
 f - a potion of flight {unknown}
 l - 2 potions of brilliance {unknown}
 m - 2 potions of cancellation
 o - a potion of heal wounds {unknown}
 r - a potion of resistance {unknown}
 t - a potion of invisibility {unknown}
 x - a potion of haste {unknown}
Comestibles
 b - 2 chunks of flesh
 d - 6 bread rations
 j - 2 meat rations
 v - 2 fruits


   Skills:
 - Level 2.0 Fighting
   Level 2.0(4.2) Maces & Flails
 + Level 5.8(6.0) Staves
 - Level 1.0 Throwing
 + Level 4.7 Armour
 - Level 1.1 Stealth
   Level 1.1 Shields
 + Level 2.6 Spellcasting


You had 11 spell levels left.
You didn't know any spells.

Dungeon Overview and Level Annotations

Branches:
Dungeon (5/15)
 Temple: D:4-7

Altars:
Fedhas
Trog
Uskayaw
Xom
Zin

Shops:
D:4 *


Innate Abilities, Weirdness & Mutations

You are resistant to torment.
Your stone body is resilient. (AC +4)
You are immune to poison.
You resist negative energy. (rN+)
You are resistant to electric shocks. (rElec)
You can survive without breathing.
You are immune to petrification.
You are immune to rotting.


Message History

You sock the ogre!
The ogre is moderately wounded.
The ogre hits you but does no damage.
You hit the ogre.
The ogre is moderately wounded.
The ogre hits you with a giant spiked club!
You completely miss the ogre.
The ogre is moderately wounded.
You hit the ogre.
The ogre is moderately wounded.
The ogre hits you but does no damage.
You hit the ogre but do no damage.
The ogre is moderately wounded.
The ogre hits you with a giant spiked club!!
Ouch! That really hurt!
* * * LOW HITPOINT WARNING * * *
You hit the ogre but do no damage.
The ogre is moderately wounded.
The ogre hits you with a giant spiked club!
You die...

#.####..[............
#......###########.##
#.###### #### #.#
######....
#.#######.........
#............#.##
#.#######.##.#.# #
#.######...#.#.###.##
#...@O.....#........#
#.######.............
#.# #....##.##....
#.# ####.##.# . #.
#.##.# #.##.. #.##...
#.##.... #.#####.$


You could see an ogre.

Vanquished Creatures
  An ogre (D:4)
  A crimson imp (D:4)
  2 hounds (D:4)
  An orc priest (D:3)
  An iguana (D:4)
  2 worker ants
  A gnoll (D:5)
  7 adders
  2 adder skeletons (D:4)
  2 worms
  A dart slug (D:5)
  3 leopard geckos
  17 orcs
  5 bats
  2 giant cockroaches
  10 goblins
  5 hobgoblins
  10 jackals
  2 kobolds
  7 quokkas
  2 frilled lizards
  A jackal skeleton (D:4)
  2 leopard gecko skeletons
  7 rats
94 creatures vanquished.

Notes
Turn   | Place    | Note
-------+----------+-------------------------------------------
     0 | D:1      | Mesmaeker13 the Gargoyle Wanderer began the quest for the Orb.
     0 | D:1      | Mesmaeker13 set off with: a +2 quarterstaff, a +0 ring mail, a potion of curing, a bread ration
     0 | D:1      | Reached XP level 1. HP: 10/10 MP: 1/1
    89 | D:1      | Reached XP level 2. HP: 11/15 MP: 2/2
   987 | D:1      | Reached skill level 1 in Fighting
  1061 | D:2      | Found a hide-covered altar of Uskayaw.
  1096 | D:2      | Reached XP level 3. HP: 18/20 MP: 3/3
  1109 | D:2      | Found a shimmering altar of Xom.
  1129 | D:2      | Found a blossoming altar of Fedhas.
  1226 | D:2      | Found a bloodstained altar of Trog.
  1897 | D:3      | Reached XP level 4. HP: 22/25 MP: 4/4
  2625 | D:3      | Found a glowing silver altar of Zin.
  3050 | D:3      | Reached XP level 5. HP: 28/30 MP: 5/5
  3063 | D:3      | Reached skill level 5 in Staves
  3361 | D:4      | Reached skill level 1 in Spellcasting
  3899 | D:4      | Reached XP level 6. HP: 35/35 MP: 8/8
  4215 | D:4      | Found Lefity's General Store.
  4224 | D:4      | Bought a scroll of remove curse for 36 gold pieces
  4399 | D:4      | Reached XP level 7. HP: 40/40 MP: 10/10
  4412 | D:5      | Entered Level 5 of the Dungeon
  4572 | D:5      | HP: 2/40 [ogre/giant spiked club (23)]
  4573 | D:5      | Mangled by an ogre

Skill      XL: |  1  2  3  4  5  6 |
---------------+-------------------+-----
Armour         | 2 3 4 |  4.7
Fighting       | 1 2 |  2.0
Staves         | 5 |  5.8
Spellcasting   | 1 2 |  2.6
Maces & Flails | |  2.0
Throwing       | |  1.0
Stealth        | |  1.1
Shields        | |  1.1

Action                   |  1- 3 |  4- 6 |  7- 9 || total
-------------------------+-------+-------+-------++-------
Melee: Quarterstaff      |    97 |   191 |    18 ||   306
Throw: Tomahawk          |     5 |     7 |       ||    12
Evoke: Wand              |       |     3 |       ||     3
  Use: Scroll            |     3 |     2 |       ||     5
  Eat: Chunk             |     3 |     8 |     1 ||    12
Armor: Ring mail         |     5 |       |       ||     5
       Scale mail        |    58 |   119 |     4 ||   181
       Chain mail        |       |       |     8 ||     8
Dodge: Dodged            |    46 |    94 |     4 ||   144
